 Dungeon Crawl Stone Soup version 0.29.1 (webtiles) character file.

Game seed: 15747318654358496525

176650 qw the Peltast (level 18, -2/119 HPs)
             Began as a Gargoyle Fighter on Sept 13, 2022.
             Was a High Priest of Okawaru.
             Constricted to death by a shambling mangrove (11 damage)
             ... on level 4 of the Swamp.
             The game lasted 00:15:13 (31786 turns).

qw the Peltast (Gargoyle Fighter)                  Turns: 31786, Time: 00:15:13

Health: -2/119     AC: 62    Str: 38    XL:     18   Next: 14%
Magic:  23/25      EV:  8    Int: -10 (9) God:    Okawaru [*****.]
Gold:   643        SH: 26    Dex:  9    Spells: 17/17 levels left

rFire   x . .      SeeInvis .   o - +2 war axe (vamp)
rCold   + + +      Faith    .   x - +0 tower shield
rNeg    + + .      Spirit   .   z - +8 plate armour of Arhug {Fly rF- rC+ rN+}
rPois   inf        Reflect  +   h - +2 helmet
rElec   +          Harm     .   v - +2 cloak {rCorr}
rCorr   +          Rampage  .   K - +1 pair of gloves of the New World {Str+3}
Will    +....                   D - +2 pair of boots
Stlth   ..........              G - amulet "Xefecvun" {Reflect Str+3 SH+5}
HPRegen 0.29/turn               A - +4 ring of protection
MPRegen 0.19/turn               w - ring of Dugotygh {Contam rC++ AC+4 Str+4}

@: heroic, grasped by roots, flying, slowed, lost intelligence, constricted,
unable to read, very slow
A: sickness immunity, AC +13, big wings, negative energy resistance 1,
electricity resistance, torment resistance 1, petrification resistance
a: Renounce Religion, Heroism, Finesse, Duel


You were on level 4 of the Swamp.
You worshipped Okawaru.
Okawaru was extremely pleased with you.
You visited 6 branches of the dungeon, and saw 30 of its levels.

You collected 2836 gold pieces.
You spent 2193 gold pieces at shops.


Innate Abilities, Weirdness & Mutations

You are immune to sickness and miasma.
Your stone body is resilient. (AC +13)
You are immune to poison.
Your large and strong wings let you fly.
You resist negative energy. (rN+)
You are resistant to electric shocks. (rElec)
You are resistant to unholy torment.
You are immune to petrification.


   Skills:
 + Level 15.0(20.0) Fighting
 - Level 16.0(21.0) Axes
 - Level 8.0(13.0) Throwing
 - Level 14.0(19.0) Armour
 - Level 4.0(9.0) Dodging
 - Level 18.0(23.0) Shields
 - Level 10.0 Invocations


You had 17 spell levels left.
You didn't know any spells.
Your spell library was empty.

Inventory:

Hand Weapons
 a - a +1 broad axe of electrocution
 o - a +2 vampiric war axe (weapon)
 F - a +2 broad axe of flaming
Missiles
 k - 11 boomerangs
 l - 2 silver javelins (quivered)
Armour
 e - the +1 pair of gloves of Slovenliness {rC+}
   (Okawaru gifted it to you on level 2 of the Lair of Beasts)

   rC:        It protects you from cold.
 h - a +2 helmet (worn)
 j - +0 acid dragon scales
 t - the +2 hat of Baldness {Rampage rElec Will- rCorr}
   (You acquired it on level 7 of the Dungeon)

   rElec:     It insulates you from electricity.
   rCorr:     It protects you from acid and corrosion.
   Rampage:   It bestows one free step when moving towards enemies.
   Will:      It decreases your willpower.
 v - a +2 cloak of preservation (worn)
 x - a +0 tower shield (worn)
 z - the +8 plate armour of Arhug (worn) {Fly rF- rC+ rN+}
   (You took it off a meliai on level 15 of the Dungeon)

   rF:        It makes you vulnerable to fire.
   rC:        It protects you from cold.
   rN:        It protects you from negative energy.
   Fly:       It grants you flight.
 D - a +2 pair of boots (worn)
 E - the +4 chain mail of Limitation {Str+4 Int+4}
   (Okawaru gifted it to you on level 15 of the Dungeon)

   Str:       It affects your strength (+4).
   Int:       It affects your intelligence (+4).
 K - the +1 pair of gloves of the New World (worn) {Str+3}
   (You acquired it on level 2 of the Spider Nest)

   Str:       It affects your strength (+3).
Jewellery
 w - the ring of Dugotygh (right hand) {Contam rC++ AC+4 Str+4}
   (You found it on level 10 of the Dungeon)

   [ring of protection]

   AC:        It affects your AC (+4).
   Str:       It affects your strength (+4).
   rC:        It greatly protects you from cold.
   Contam:    It causes magical contamination when unequipped.
 y - a ring of resist corrosion
 A - a +4 ring of protection (left hand)
 B - a ring of protection from cold
 G - the amulet "Xefecvun" (around neck) {Reflect Str+3 SH+5}
   (You bought it in a shop on level 15 of the Dungeon)

   [amulet of reflection]

   It reflects blocked missile attacks.
   Str:       It affects your strength (+3).
   SH:        It affects your SH (+5).
 H - a ring of fire
 I - a ring of resist corrosion
Wands
 m - a wand of digging (27)
Scrolls
 f - a scroll of brand weapon
 g - a scroll of enchant armour
 i - 16 scrolls of identify
 r - 3 scrolls of blinking
 s - 19 scrolls of teleportation
Potions
 c - 3 potions of lignification
 d - 3 potions of might
 n - 8 potions of curing
 p - 6 potions of haste
 q - 3 potions of resistance
 u - 5 potions of attraction
 C - a potion of magic
 J - a potion of mutation
 L - a potion of invisibility {unknown}

Dungeon Overview and Level Annotations

Branches:
Dungeon (15/15) Temple (1/1) D:5 Lair (5/5) D:11 Swamp (4/4) Lair:2 Spider (3/4) Lair:2 Slime (0/5) Lair:4 Orc (2/2) D:12 Elf (0/3) Orc:2 Vaults (0/5) D:12 D:13 Depths (0/4) D:15

Altars:
Ashenzari
Cheibriados
Dithmenos
Elyvilon
Fedhas
Gozag
Hepliaklqana
Kikubaaqudgha
Makhleb
Nemelex Xobeh
Okawaru
Qazlal
Ru
Sif Muna
Trog
Uskayaw
Vehumet
Wu Jian
Xom
Yredelemnul
Zin
The Shining One

Shops:
D:4 [*?   D:15 =   Orc:1 !   Orc:2 **:*:

Annotations:
D:5 1 runed translucent door
D:8 2 runed translucent doors
D:14 3 runed translucent doors, Wociock's ghost, journeyman DgHW


Message History

You hit the reaper but do no damage. You block the goliath frog's attack.
The spriggan rider hits you but does no damage.
The reaper hits you but does no damage.
The goliath frog hits you but does no damage.
You barely miss the goliath frog.
The goliath frog is heavily wounded.
You slash the reaper!
Roots burst forth from the earth!
The grasping roots grab you! The grasping roots constrict you.
You block the spriggan rider's attack. You block the reaper's attack.
You block the goliath frog's attack.
You barely miss the goliath frog.
The goliath frog is heavily wounded.
You hit the reaper but do no damage.
The spriggan rider hits you from afar with a +3 spear.
You block the goliath frog's attack. You block the reaper's attack.
The grasping roots constrict you.
The spriggan rider hits you but does no damage.
The goliath frog completely misses you.
You miss the goliath frog.
The goliath frog is heavily wounded.
You closely miss the reaper. You block the reaper's attack.
The grasping roots constrict you.
The goliath frog hits you but does no damage.
You block the spriggan rider's attack. The reaper hits you but does no damage.
You slice the goliath frog!!
You feel better.
You kill the goliath frog!
Okawaru accepts your kill.
You hit the reaper but do no damage.
You feel like a meek peon again. The grasping roots constrict you.
You block the spriggan rider's attack.
The reaper hits you with a +2 scythe of venom.
You block the goliath frog's attack.
You feel your intelligence returning.
Your Fighting skill increases to level 15!
31786 ||| INVOKING Heroism.
You gain the combat prowess of a mighty hero.
The grasping roots constrict you!
You die...

77~~~~~...7..~~~.~~..~
7~.~~~~.~...~~~~.~~~~¤
7~~~~~~~....~#########~~
7.~~~¤~~~~~###.~.7 #
7.~~~¤~.7###7~.~77
77~~~~~7##. ~~~~~7
77.~¤~~.##~##¤....7
7.~~~~.##.¤#F##
77.~.~7#7.F[#@#
77~~..##~.F~#)2#
7~....#7~~~~##if#
77....#~.)~~7#HF37
7~.~#~~~~~~~##73~.
77.~#~~)7~.~.# ~~~~
77..#~~..¤¤.## ..~.
7...#.~~~7### ¤8..
77~7#~~7##


You could see a shambling mangrove, a reaper, a fenstrider witch, a spriggan
rider, 2 goliath frogs and 2 neqoxecs.

Vanquished Creatures
  Arachne (Spider:2)
  2 tentacled monstrosities
  Mlioglotl (Spider:2)
  Asterion (Spider:2)
  2 thorn hunters
  Roxanne (Swamp:3)
  2 fenstrider witches (Swamp:4)
  2 emperor scorpions (Spider:2)
  A ghost moth (Spider:1)
  Louise (Swamp:4)
  A broodmother (Spider:1)
  2 eleionomae
  10 bunyips
  2 spark wasps
  A dire elephant (D:15)
  4 entropy weavers
  A blizzard demon (Swamp:4)
  An ettin (Orc:2)
  14 hydras
  Fannar (Lair:2)
  A ghost crab (Swamp:3)
  6 two-headed ogres
  Erolcha (Orc:1)
  An ogre mage (Swamp:4)
  7 boulder beetles
  7 centaur warriors
  A jorogumo (Spider:3)
  A radroach (Spider:3)
  A death knight (D:14)
  9 alligators
  A merfolk avatar (Lair:5)
  7 death yaks
  4 tengu warriors
  3 orc high priests (Orc:2)
  2 spriggan berserkers
  2 soul eaters (Swamp:4)
  9 spriggans
  Sonja (Orc:1)
  A skeletal warrior (D:14)
  5 goliath frogs
  A pharaoh ant (Spider:2)
  4 steelbarb worms
  2 sea snakes (Lair:5)
  2 death drakes (Swamp:4)
  5 spriggan druids
  3 swamp dragons
  Pikel (D:9)
  9 bog bodies
  3 orb spiders
  3 deep elf pyromancers
  3 wizards
  A phantasmal warrior (D:14)
  11 ugly things
  6 orc knights
  A harpy (Lair:5)
  14 wolf spiders
  2 will-o-the-wisps
  6 cyclopes
  A salamander (D:15)
  4 orc sorcerers (Orc:2)
  5 manticores
  8 elephants
  4 moths of wrath
  An elephant (shapeshifter) (D:14)
  A black mamba (Lair:5)
  3 torpor snails
  4 rime drakes
  10 cane toads
  14 demonic crawlers
  11 komodo dragons
  Maggie (D:7)
  2 unseen horrors (D:11)
  A kobold demonologist (D:7)
  2 freezing wraiths (D:14)
  A hellwing (Swamp:4)
  4 trolls
  9 meliai
  A polar bear (Lair:4)
  3 wind drakes (Lair:5)
  5 slime creatures (D:15)
  21 tarantellas
  A bloated husk (Swamp:2)
  8 blink frogs
  10 hornets
  8 tyrant leeches
  Grinder (D:6)
  2 snapping turtles (Lair:5)
  13 dream sheep
  26 jumping spiders
  12 culicivoras
  A shadow (D:10)
  6 wyverns
  5 wraiths
  2 basilisks
  16 humans (D:12)
  25 redbacks
  Grum (D:10)
  21 yaks
  5 vampire mosquitoes
  3 steam dragons
  13 swamp worms
  2 acid dragons
  Duvessa (D:7)
  10 water moccasins
  22 orc warriors
  2 ice beasts
  2 sky beasts (D:8)
  A swamp drake (Swamp:1)
  3 black bears
  4 ogres
  12 centaurs
  18 wolves
  A phantom (D:5)
  A lemure (D:9)
  2 kobold brigands (D:9)
  A gnoll sergeant (D:6)
  15 bullfrogs
  9 wights
  Dowan (D:7)
  4 killer bees (D:9)
  8 electric eels
  3 hounds
  4 jellies
  A gnoll bouda (D:7)
  18 orc priests
  7 iguanas
  24 orc wizards
  4 gnolls
  5 adders
  A shadow imp (D:5)
  14 white imps
  2 ufetubi
  2 worms (D:2)
  4 dart slugs
  71 orcs
  8 bats
  12 endoplasms
  5 giant cockroaches
  6 goblins
  6 hobgoblins
  8 jackals
  6 quokkas
  4 ball pythons
  4 frilled lizards
  24 kobolds
  4 rats
  A spectral orc (D:3)
860 creatures vanquished.

Vanquished Creatures (others)
  A tyrant leech (Swamp:3)
  An orc wizard (D:7)
  A briar patch (Swamp:3)
  A bush (Lair:4)
  14 foxfires
  17 fungi
  83 plants
  5 toadstools (D:3)
123 creatures vanquished.

Grand Total: 983 creatures vanquished

Notes
Turn   | Place    | Note
-------+----------+-------------------------------------------
     0 | D:1      | qw the Gargoyle Fighter began the quest for the Orb.
     0 | D:1      | Reached XP level 1. HP: 14/14 MP: 1/1
     0 | D:1      | 0 ||| qw: Version: 0.1-a-119-g272c26d
     0 | D:1      | 0 ||| qw: Game counter: 11128
     0 | D:1      | 0 ||| qw: Always use a shield: true
     0 | D:1      | 0 ||| qw: God list: Okawaru
     0 | D:1      | 0 ||| qw: Allow faded altars: false
     0 | D:1      | 0 ||| qw: Do Orc after D:15 true
     0 | D:1      | 0 ||| qw: Do second Lair branch before Depths: true
     0 | D:1      | 0 ||| qw: Lair rune preference: random
     0 | D:1      | 0 ||| qw: Plans: Normal, Zot, God:TSO, Crypt, Tomb, Pan,
                  | Slime, Hells, Zig, Abyss, Orb
     0 | D:1      | 0 ||| PLANNING D:1-11
   143 | D:1      | Reached XP level 2. HP: 12/19 MP: 2/2
   335 | D:1      | 335 ||| Stepping ~*~*~tactically~*~*~ (stealth).
   353 | D:1      | 353 ||| Stepping ~*~*~tactically~*~*~ (stealth).
   369 | D:1      | 369 ||| Stepping ~*~*~tactically~*~*~ (stealth).
   566 | D:1      | Reached skill level 3 in Axes
   580 | D:1      | Reached XP level 3. HP: 23/23 MP: 3/3
   865 | D:1      | 865 ||| READING scroll labelled BASIPL FAMUPA.
   938 | D:2      | 938 ||| Stepping ~*~*~tactically~*~*~ (stealth).
   940 | D:2      | 940 ||| Stepping ~*~*~tactically~*~*~ (hiding).
  1588 | D:2      | 1588 ||| Stepping ~*~*~tactically~*~*~ (stealth).
  1596 | D:2      | Reached XP level 4. HP: 28/28 MP: 4/4
  1960 | D:2      | 1960 ||| READING scroll labelled DETIANG DODA.
  1961 | D:2      | 1961 ||| DRINKING 2 viscous ruby potions.
  2090 | D:3      | HP: 3/28 [orc/+0 trident (5)]
  2091 | D:3      | 2091 ||| DRINKING potion of heal wounds.
  2197 | D:3      | 2197 ||| DROPPING +0 club.
  2223 | D:3      | Found a faded altar of an unknown god.
  2244 | D:3      | 2244 ||| Stepping ~*~*~tactically~*~*~ (hiding).
  2818 | D:3      | Reached XP level 5. HP: 22/32 MP: 5/5
  2926 | D:3      | Found an opulent altar of Gozag.
  3106 | D:3      | Found a basalt altar of Yredelemnul.
  3324 | D:3      | HP: 2/32 [acid (8)]
  3737 | D:3      | 3737 ||| UPGRADING to +0 pair of boots.
  3742 | D:3      | 3742 ||| UPGRADING to ring of protection from cold.
  3743 | D:3      | 3743 ||| READING scroll labelled FIDEEXTIVA.
  3744 | D:3      | 3744 ||| READING scroll labelled MEGAEDD TOPPUZOE.
  3803 | D:4      | 3803 ||| Stepping ~*~*~tactically~*~*~ (stealth).
  3815 | D:4      | 3815 ||| Stepping ~*~*~tactically~*~*~ (stealth).
  3816 | D:4      | 3816 ||| Stepping ~*~*~tactically~*~*~ (stealth).
  3839 | D:4      | 3839 ||| Stepping ~*~*~tactically~*~*~ (stealth).
  3840 | D:4      | 3840 ||| Stepping ~*~*~tactically~*~*~ (stealth).
  3951 | D:4      | Found a broken altar of Ashenzari.
  3977 | D:4      | Found Ululluust's Antique Armour Shop.
  3982 | D:4      | 3982 ||| BUYING helmet (85 gold).
  3982 | D:4      | Bought a helmet for 85 gold pieces
  3982 | D:4      | 3982 ||| BUYING pair of gloves (85 gold).
  3982 | D:4      | Bought a pair of gloves for 85 gold pieces
  4082 | D:4      | Reached skill level 1 in Dodging
  4082 | D:4      | Reached XP level 6. HP: 36/38 MP: 6/6
  4114 | D:4      | Found a stormy altar of Qazlal.
  4220 | D:4      | Found Yrghexo's Assorted Antiques.
  4228 | D:4      | 4228 ||| BUYING dark potion (18 gold).
  4228 | D:4      | Bought a dark potion for 18 gold pieces
  4228 | D:4      | 4228 ||| BUYING scroll labelled ATHRADO LEFYS (21 gold).
  4228 | D:4      | Bought a scroll labelled ATHRADO LEFYS for 21 gold pieces
  4228 | D:4      | 4228 ||| SHOPLISTING scroll labelled ZORIK HUAGHE (21 gold,
                  | have 16).
  4228 | D:4      | 4228 ||| SHOPLISTING shiny scale mail (147 gold, have 16).
  4290 | D:4      | Found Viegge Vyhu's Magic Scroll Shoppe.
  4298 | D:4      | 4298 ||| SHOPLISTING scroll of enchant weapon (97 gold,
                  | have 16).
  4298 | D:4      | 4298 ||| SHOPLISTING scroll of identify (26 gold, have 16).
  4298 | D:4      | 4298 ||| SHOPLISTING scroll of teleportation (39 gold, have
                  | 16).
  4452 | D:4      | 4452 ||| UPGRADING to +0 helmet.
  4457 | D:4      | 4457 ||| UPGRADING to +0 pair of gloves.
  4462 | D:4      | 4462 ||| UPGRADING to +0 chain mail.
  4472 | D:4      | 4472 ||| DROPPING +0 scale mail.
  4473 | D:4      | 4473 ||| READING 2 scrolls labelled ATHRADO LEFYS.
  4474 | D:4      | 4474 ||| READING scroll of enchant weapon.
  4474 | D:4      | 4474 ||| ENCHANTING +0 vampiric war axe.
  4475 | D:4      | 4475 ||| DRINKING 3 dark potions.
  4506 | D:5      | Entered Level 5 of the Dungeon
  4662 | D:5      | 4662 ||| Stepping ~*~*~tactically~*~*~ (stealth).
  4793 | D:5      | 4793 ||| DROPPING +0 flail.
  4800 | D:5      | Noticed an orc warrior
  4801 | D:5      | Found a bloodstained altar of Trog.
  4808 | D:5      | HP: 9/38 [orc warrior/+0 trident (4)]
  4809 | D:5      | 4809 ||| READING scroll of teleportation.
  4848 | D:5      | HP: 5/38 [orc warrior/+0 trident (8)]
  4850 | D:5      | Killed an orc warrior
  4851 | D:5      | Reached skill level 6 in Axes
  4851 | D:5      | Reached XP level 7. HP: 6/43 MP: 7/7
  5124 | D:5      | 5124 ||| Stepping ~*~*~tactically~*~*~ (stealth).
  5125 | D:5      | 5125 ||| Stepping ~*~*~tactically~*~*~ (stealth).
  5126 | D:5      | 5126 ||| Stepping ~*~*~tactically~*~*~ (stealth).
  5133 | D:5      | Found a shimmering blue altar of Sif Muna.
  5139 | D:5      | 5139 ||| DRINKING 2 potions of curing.
  5139 | D:5      | 5139 ||| (to cure confusion)
  5173 | D:5      | Found a runed translucent door.
  5246 | D:5      | Found a staircase to the Ecumenical Temple.
  5247 | D:5      | 5247 ||| PLANNING TEMPLE
  5247 | D:5      | 5247 ||| UPGRADING to +1 chain mail of positive energy.
  5257 | D:5      | 5257 ||| DROPPING +0 chain mail.
  5258 | D:5      | 5258 ||| READING scroll labelled EZUFUT TUEF.
  5267 | Temple   | Entered the Ecumenical Temple
  5360 | Temple   | 5360 ||| PLANNING D:1-11
  5378 | Temple   | Became a worshipper of Warmaster Okawaru
  5581 | D:5      | 5581 ||| Stepping ~*~*~tactically~*~*~ (stealth).
  5582 | D:5      | 5582 ||| Stepping ~*~*~tactically~*~*~ (stealth).
  5584 | D:5      | Found a hide-covered altar of Uskayaw.
  5588 | D:5      | 5588 ||| Stepping ~*~*~tactically~*~*~ (stealth).
  5957 | D:5      | 5957 ||| READING 3 scrolls labelled SUL YKKU KIE.
  5958 | D:5      | 5958 ||| READING 4 scrolls of identify.
  5958 | D:5      | 5958 ||| IDENTIFYING puce potion
  5959 | D:5      | 5959 ||| READING 3 scrolls of identify.
  5959 | D:5      | 5959 ||| IDENTIFYING murky golden potion
  5960 | D:5      | 5960 ||| DROPPING potion of degeneration.
  5961 | D:5      | 5961 ||| DROPPING potion of berserk rage.
  5962 | D:5      | 5962 ||| DROPPING 2 scrolls of fear.
  6226 | D:6      | 6226 ||| Stepping ~*~*~tactically~*~*~ (hiding).
  6267 | D:6      | 6267 ||| Stepping ~*~*~tactically~*~*~ (hiding).
  6281 | D:6      | Reached XP level 8. HP: 45/50 MP: 8/8
  6314 | D:6      | 6314 ||| Stepping ~*~*~tactically~*~*~ (stealth).
  6328 | D:6      | 6328 ||| Stepping ~*~*~tactically~*~*~ (hiding).
  6393 | D:6      | Found a white marble altar of Elyvilon.
  6397 | D:6      | Found a glowing golden altar of the Shining One.
  6398 | D:6      | Found a glowing silver altar of Zin.
  6440 | D:6      | 6440 ||| Stepping ~*~*~tactically~*~*~ (stealth).
  6441 | D:6      | 6441 ||| Stepping ~*~*~tactically~*~*~ (stealth).
  6442 | D:6      | 6442 ||| Stepping ~*~*~tactically~*~*~ (hiding).
  6453 | D:6      | 6453 ||| DRINKING potion of curing.
  6453 | D:6      | 6453 ||| (to cure confusion)
  6454 | D:6      | 6454 ||| Stepping ~*~*~tactically~*~*~ (stealth).
  6458 | D:6      | Reached * piety under Okawaru
  6459 | D:6      | 6459 ||| INVOKING Heroism.
  6610 | D:6      | Reached skill level 1 in Invocations
  6760 | D:6      | Found an ancient bone altar of Kikubaaqudgha.
  6787 | D:6      | Noticed Grinder
  6788 | D:6      | 6788 ||| INVOKING Heroism.
  6794 | D:6      | Paralysed by Grinder for 5 turns
  6803 | D:6      | 6803 ||| INVOKING Heroism.
  6809 | D:6      | Killed Grinder
  6810 | D:6      | Reached skill level 3 in Invocations
  7259 | D:6      | 7259 ||| UPGRADING to +0 kite shield.
  7269 | D:6      | 7269 ||| DROPPING +0 buckler.
  7270 | D:6      | 7270 ||| READING scroll labelled PICOLA OHOLU.
  7271 | D:6      | 7271 ||| DRINKING 2 sedimented inky potions.
  7272 | D:6      | 7272 ||| READING 2 scrolls of identify.
  7272 | D:6      | 7272 ||| IDENTIFYING glowing coppery potion
  7273 | D:6      | 7273 ||| DROPPING potion of flight.
  7328 | D:7      | Noticed Duvessa
  7328 | D:7      | Noticed Dowan
  7329 | D:7      | 7329 ||| PLANNING OSSUARY
  7329 | D:7      | 7329 ||| INVOKING Heroism.
  7330 | D:7      | 7330 ||| STAIRDANCE
  7349 | D:7      | 7349 ||| INVOKING Heroism.
  7352 | D:7      | Killed Dowan
  7356 | D:7      | Killed Duvessa
  7357 | D:7      | Reached skill level 4 in Shields
  7357 | D:7      | Reached XP level 9. HP: 43/55 MP: 9/12
  7380 | D:7      | 7380 ||| STAIRDANCE
  7480 | D:7      | 7480 ||| Stepping ~*~*~tactically~*~*~ (stealth).
  7487 | D:7      | 7487 ||| Stepping ~*~*~tactically~*~*~ (stealth).
  7490 | D:7      | Noticed Maggie
  7504 | D:7      | 7504 ||| INVOKING Heroism.
  7508 | D:7      | Killed Maggie
  7509 | D:7      | Reached skill level 5 in Shields
  7585 | D:7      | 7585 ||| DROPPING +0 morningstar.
  7602 | D:7      | Found a radiant altar of Vehumet.
  7628 | D:7      | Reached skill level 6 in Shields
  7724 | D:7      | 7724 ||| INVOKING Heroism.
  7934 | D:7      | 7934 ||| INVOKING Heroism.
  7939 | D:7      | Reached skill level 7 in Shields
  7939 | D:7      | 7939 ||| RIP OSSUARY
  7949 | D:7      | 7949 ||| PLANNING D:1-11
  8109 | D:7      | 8109 ||| INVOKING Heroism.
  8111 | D:7      | Reached skill level 6 in Fighting
  8123 | D:7      | Reached ** piety under Okawaru
  8128 | D:7      | 8128 ||| INVOKING Heroism.
  8136 | D:7      | Reached skill level 8 in Shields
  8242 | D:7      | 8242 ||| Stepping ~*~*~tactically~*~*~ (hiding).
  8244 | D:7      | 8244 ||| INVOKING Heroism.
  8262 | D:7      | Reached skill level 9 in Axes
  8315 | D:7      | 8315 ||| INVOKING Heroism.
  8323 | D:7      | Noticed a manticore
  8331 | D:7      | Noticed a kobold demonologist
  8334 | D:7      | 8334 ||| INVOKING Heroism.
  8336 | D:7      | Noticed a hellwing
  8342 | D:7      | Noticed a soul eater
  8345 | D:7      | Killed a manticore
  8346 | D:7      | Reached XP level 10. HP: 51/63 MP: 11/13
  8357 | D:7      | 8357 ||| INVOKING Heroism.
  8366 | D:7      | Killed a kobold demonologist
  8367 | D:7      | 8367 ||| READING scroll labelled JOGUOW RIAMUEDD.
  8367 | D:7      | Identified a scroll of acquirement
  8367 | D:7      | 8367 ||| ACQUIRING +2 hat of Baldness {Rampage rElec Will-
                  | rCorr}
  8367 | D:7      | Acquired the +2 hat of Baldness {Rampage rElec Will- rCorr}
  8380 | D:7      | 8380 ||| INVOKING Heroism.
  8391 | D:7      | Reached skill level 9 in Shields
  8415 | D:7      | Reached *** piety under Okawaru
  8459 | D:7      | 8459 ||| Stepping ~*~*~tactically~*~*~ (stealth).
  8549 | D:7      | 8549 ||| READING scroll labelled GACHOU VERR.
  8607 | D:8      | 8607 ||| READING scroll of enchant armour.
  8607 | D:8      | 8607 ||| ENCHANTING +0 pair of gloves.
  8615 | D:8      | 8615 ||| READING scroll of enchant weapon.
  8615 | D:8      | 8615 ||| ENCHANTING +1 vampiric war axe.
  8624 | D:8      | 8624 ||| READING scroll of enchant armour.
  8624 | D:8      | 8624 ||| ENCHANTING +1 pair of gloves.
  8630 | D:8      | Noticed a two-headed ogre
  8631 | D:8      | 8631 ||| INVOKING Heroism.
  8642 | D:8      | Killed a two-headed ogre
  8741 | D:8      | 8741 ||| Stepping ~*~*~tactically~*~*~ (stealth).
  8742 | D:8      | 8742 ||| Stepping ~*~*~tactically~*~*~ (stealth).
  8743 | D:8      | 8743 ||| INVOKING Heroism.
  8764 | D:8      | Reached skill level 6 in Armour
  8831 | D:8      | Found a runed translucent door.
  8922 | D:8      | 8922 ||| INVOKING Heroism.
  8929 | D:8      | 8929 ||| Stepping ~*~*~tactically~*~*~ (hiding).
  9122 | D:8      | 9122 ||| Stepping ~*~*~tactically~*~*~ (hiding).
  9124 | D:8      | 9124 ||| Stepping ~*~*~tactically~*~*~ (hiding).
  9128 | D:8      | 9128 ||| INVOKING Heroism.
  9244 | D:8      | Noticed a cyclops
  9245 | D:8      | 9245 ||| Stepping ~*~*~tactically~*~*~ (stealth).
  9257 | D:8      | Reached **** piety under Okawaru
  9264 | D:8      | 9264 ||| INVOKING Heroism.
  9281 | D:8      | Killed a cyclops
  9282 | D:8      | Reached XP level 11. HP: 51/68 MP: 14/14
  9479 | D:8      | Found a shimmering altar of Xom.
  9546 | D:8      | Found a runed translucent door.
  9666 | D:8      | Noticed a two-headed ogre
  9667 | D:8      | 9667 ||| UPGRADING to +0 plate armour.
  9677 | D:8      | 9677 ||| DROPPING +1 chain mail of positive energy.
  9678 | D:8      | 9678 ||| READING 2 scrolls of identify.
  9678 | D:8      | 9678 ||| IDENTIFYING bubbling ruby potion
  9796 | D:9      | 9796 ||| INVOKING Heroism.
  9901 | D:9      | 9901 ||| Stepping ~*~*~tactically~*~*~ (hiding).
 10137 | D:9      | Noticed Pikel
 10137 | D:9      | 10137 ||| Stepping ~*~*~tactically~*~*~ (stealth).
 10145 | D:9      | 10145 ||| INVOKING Heroism.
 10155 | D:9      | Killed Pikel
 10297 | D:9      | 10297 ||| Stepping ~*~*~tactically~*~*~ (hiding).
 10416 | D:9      | 10416 ||| Stepping ~*~*~tactically~*~*~ (stealth).
 10419 | D:9      | 10419 ||| Stepping ~*~*~tactically~*~*~ (stealth).
 10422 | D:9      | 10422 ||| Stepping ~*~*~tactically~*~*~ (stealth).
 10426 | D:9      | 10426 ||| Stepping ~*~*~tactically~*~*~ (stealth).
 10428 | D:9      | 10428 ||| INVOKING Heroism.
 10432 | D:9      | 10432 ||| Stepping ~*~*~tactically~*~*~ (stealth).
 10678 | D:9      | 10678 ||| READING 3 scrolls labelled PACATU OMMU.
 10679 | D:9      | 10679 ||| DRINKING 2 sapphire potions.
 10680 | D:9      | 10680 ||| DROPPING 2 scrolls of butterflies.
 10693 | D:10     | Entered Level 10 of the Dungeon
 10733 | D:10     | Identified the ring of Dugotygh {Contam rC++ AC+4 Str+4}
 10801 | D:10     | 10801 ||| Stepping ~*~*~tactically~*~*~ (hiding).
 10806 | D:10     | Reached skill level 6 in Invocations
 10912 | D:10     | Noticed Grum
 10913 | D:10     | 10913 ||| Stepping ~*~*~tactically~*~*~ (hiding).
 10914 | D:10     | 10914 ||| INVOKING Heroism.
 10936 | D:10     | Killed Grum
 10993 | D:10     | Noticed a two-headed ogre
 10994 | D:10     | 10994 ||| INVOKING Heroism.
 10996 | D:10     | 10996 ||| Stepping ~*~*~tactically~*~*~ (stealth).
 11003 | D:10     | Killed a two-headed ogre
 11006 | D:10     | 11006 ||| Stepping ~*~*~tactically~*~*~ (stealth).
 11014 | D:10     | Reached ***** piety under Okawaru
 11080 | D:10     | 11080 ||| INVOKING Heroism.
 11475 | D:10     | 11475 ||| UPGRADING to ring of Dugotygh {Contam rC++ AC+4
                  | Str+4}.
 11476 | D:10     | 11476 ||| READING scroll labelled ONEAC IDWA.
 11477 | D:10     | 11477 ||| READING 2 scrolls labelled RETUME YWIG.
 11478 | D:10     | 11478 ||| DROPPING scroll of magic mapping.
 11498 | D:11     | Noticed a death yak
 11498 | D:11     | Found a staircase to the Lair.
 11499 | D:11     | 11499 ||| INVOKING Heroism.
 11499 | D:11     | Noticed a death yak
 11499 | D:11     | Noticed a death yak
 11500 | D:11     | 11500 ||| INVOKING Finesse.
 11500 | D:11     | Noticed a death yak
 11502 | D:11     | 11502 ||| STAIRDANCE
 11510 | D:10     | Killed a death yak
 11551 | D:11     | 11551 ||| STAIRDANCE
 11553 | D:10     | 11553 ||| INVOKING Heroism.
 11554 | D:10     | 11554 ||| INVOKING Finesse.
 11561 | D:10     | Killed a death yak
 11565 | D:10     | Killed a death yak
 11608 | D:11     | 11608 ||| INVOKING Heroism.
 11609 | D:11     | 11609 ||| INVOKING Finesse.
 11619 | D:11     | Killed a death yak
 11694 | D:11     | Noticed a two-headed ogre
 11694 | D:11     | Noticed a two-headed ogre
 11695 | D:11     | 11695 ||| INVOKING Heroism.
 11706 | D:11     | Killed a two-headed ogre
 11713 | D:11     | Killed a two-headed ogre
 11714 | D:11     | Reached XP level 12. HP: 73/73 MP: 18/18
 11886 | D:11     | 11886 ||| INVOKING Heroism.
 11896 | D:11     | Reached skill level 9 in Invocations
 11904 | D:11     | Reached skill level 10 in Shields
 11912 | D:11     | 11912 ||| Stepping randomly (disturbance).
 11914 | D:11     | 11914 ||| Stepping randomly (disturbance).
 11915 | D:11     | 11915 ||| Stepping randomly (disturbance).
 11954 | D:11     | Noticed a seven-headed hydra
 11955 | D:11     | 11955 ||| INVOKING Heroism.
 11956 | D:11     | 11956 ||| SWAPPING to +2 morningstar of flaming.
 11957 | D:11     | 11957 ||| INVOKING Finesse.
 11959 | D:11     | 11959 ||| Stepping ~*~*~tactically~*~*~ (stealth).
 11960 | D:11     | 11960 ||| Stepping ~*~*~tactically~*~*~ (stealth).
 11966 | D:11     | Killed a seven-headed hydra
 11967 | D:11     | 11967 ||| SWAPPING to +2 vampiric war axe.
 12135 | D:11     | 12135 ||| DRINKING 5 potions of curing.
 12135 | D:11     | 12135 ||| (to cure confusion)
 12136 | D:11     | 12136 ||| INVOKING Heroism.
 12216 | D:11     | Identified the +9 great sword "Wunisim" {pain, Fly}
 12413 | D:11     | 12413 ||| INVOKING Heroism.
 12422 | D:11     | Reached skill level 9 in Fighting
 12581 | D:11     | Identified the +7 quarterstaff "Jahy" {vorpal, rElec Dex+3}
 12762 | D:11     | 12762 ||| PLANNING LAIR
 12762 | D:11     | 12762 ||| READING 4 scrolls of identify.
 12762 | D:11     | 12762 ||| IDENTIFYING viscous pink potion
 12763 | D:11     | 12763 ||| DROPPING potion of ambrosia.
 12791 | Lair:1   | Entered Level 1 of the Lair of Beasts
 12924 | Lair:1   | Received a gift from Okawaru
 12944 | Lair:1   | 12944 ||| DROPPING +0 broad axe.
 12975 | Lair:1   | 12975 ||| Stepping ~*~*~tactically~*~*~ (stealth).
 12981 | Lair:1   | 12981 ||| Stepping ~*~*~tactically~*~*~ (stealth).
 13094 | Lair:1   | 13094 ||| INVOKING Heroism.
 13137 | Lair:1   | 13137 ||| INVOKING Heroism.
 13139 | Lair:1   | 13139 ||| Stepping ~*~*~tactically~*~*~ (stealth).
 13171 | Lair:1   | 13171 ||| INVOKING Heroism.
 13217 | Lair:1   | 13217 ||| Stepping ~*~*~tactically~*~*~ (stealth).
 13222 | Lair:1   | 13222 ||| Stepping ~*~*~tactically~*~*~ (stealth).
 13228 | Lair:1   | Reached skill level 12 in Axes
 13231 | Lair:1   | 13231 ||| INVOKING Heroism.
 13255 | Lair:1   | Reached skill level 9 in Armour
 13734 | Lair:2   | 13734 ||| INVOKING Heroism.
 13735 | Lair:2   | 13735 ||| STAIRDANCE
 13753 | Lair:2   | Noticed Fannar
 13754 | Lair:2   | 13754 ||| STAIRDANCE
 13778 | Lair:2   | 13778 ||| Stepping ~*~*~tactically~*~*~ (hiding).
 13798 | Lair:2   | 13798 ||| INVOKING Heroism.
 13812 | Lair:2   | Killed Fannar
 13893 | Lair:2   | 13893 ||| INVOKING Heroism.
 13902 | Lair:2   | Reached XP level 13. HP: 80/80 MP: 18/20
 13950 | Lair:2   | 13950 ||| INVOKING Heroism.
 14062 | Lair:2   | 14062 ||| Stepping ~*~*~tactically~*~*~ (stealth).
 14063 | Lair:2   | 14063 ||| Stepping ~*~*~tactically~*~*~ (stealth).
 14067 | Lair:2   | 14067 ||| INVOKING Heroism.
 14076 | Lair:2   | Identified the +1 pair of gloves of Slovenliness {rC+}
                  | (Okawaru gifted it to you on level 2 of the Lair of Beasts)
 14076 | Lair:2   | Received a gift from Okawaru
 14125 | Lair:2   | 14125 ||| INVOKING Heroism.
 14198 | Lair:2   | 14198 ||| INVOKING Heroism.
 14199 | Lair:2   | 14199 ||| INVOKING Finesse.
 14201 | Lair:2   | 14201 ||| SWAPPING to +2 morningstar of flaming.
 14210 | Lair:2   | 14210 ||| SWAPPING to +2 vampiric war axe.
 14278 | Lair:2   | Found a hole to the Spider Nest.
 14279 | Lair:2   | 14279 ||| INVOKING Finesse.
 14282 | Lair:2   | 14282 ||| READING 12 scrolls of teleportation.
 14283 | Lair:2   | 14283 ||| Stepping randomly (stuck).
 14342 | Lair:2   | 14342 ||| INVOKING Finesse.
 14346 | Lair:2   | 14346 ||| READING 11 scrolls of teleportation.
 14347 | Lair:2   | 14347 ||| Stepping randomly (stuck).
 14463 | Lair:2   | 14463 ||| INVOKING Heroism.
 14479 | Lair:2   | Found a staircase to the Swamp.
 14572 | Lair:2   | 14572 ||| INVOKING Finesse.
 14573 | Lair:2   | 14573 ||| READING 10 scrolls of teleportation.
 14636 | Lair:2   | 14636 ||| INVOKING Finesse.
 14637 | Lair:2   | 14637 ||| READING 9 scrolls of teleportation.
 14762 | Lair:3   | 14762 ||| Stepping ~*~*~tactically~*~*~ (stealth).
 14781 | Lair:3   | 14781 ||| INVOKING Heroism.
 14837 | Lair:3   | 14837 ||| INVOKING Heroism.
 14840 | Lair:3   | 14840 ||| SWAPPING to +2 morningstar of flaming.
 14845 | Lair:3   | 14845 ||| Stepping ~*~*~tactically~*~*~ (stealth).
 14846 | Lair:3   | 14846 ||| Stepping ~*~*~tactically~*~*~ (stealth).
 14852 | Lair:3   | 14852 ||| Stepping ~*~*~tactically~*~*~ (stealth).
 14853 | Lair:3   | 14853 ||| Stepping ~*~*~tactically~*~*~ (stealth).
 14854 | Lair:3   | 14854 ||| SWAPPING to +2 vampiric war axe.
 14863 | Lair:3   | 14863 ||| Stepping ~*~*~tactically~*~*~ (stealth).
 14877 | Lair:3   | 14877 ||| Stepping ~*~*~tactically~*~*~ (stealth).
 14878 | Lair:3   | 14878 ||| Stepping ~*~*~tactically~*~*~ (stealth).
 15160 | Lair:3   | 15160 ||| INVOKING Heroism.
 15163 | Lair:3   | 15163 ||| Stepping randomly (cloudy).
 15355 | Lair:3   | 15355 ||| Stepping ~*~*~tactically~*~*~ (hiding).
 15854 | Lair:3   | 15854 ||| READING scroll labelled GEIVOI POAFE.
 15885 | Lair:4   | 15885 ||| STAIRDANCE
 15905 | Lair:4   | 15905 ||| INVOKING Heroism.
 15906 | Lair:4   | 15906 ||| SWAPPING to +2 morningstar of flaming.
 15907 | Lair:4   | 15907 ||| INVOKING Finesse.
 15915 | Lair:4   | Reached skill level 11 in Shields
 15915 | Lair:4   | 15915 ||| SWAPPING to +2 vampiric war axe.
 15943 | Lair:4   | 15943 ||| Stepping ~*~*~tactically~*~*~ (stealth).
 16008 | Lair:4   | 16008 ||| INVOKING Heroism.
 16067 | Lair:4   | 16067 ||| INVOKING Heroism.
 16081 | Lair:4   | 16081 ||| Stepping ~*~*~tactically~*~*~ (stealth).
 16143 | Lair:4   | 16143 ||| INVOKING Heroism.
 16258 | Lair:4   | 16258 ||| Stepping ~*~*~tactically~*~*~ (stealth).
 16304 | Lair:4   | 16304 ||| INVOKING Heroism.
 16348 | Lair:4   | Found a staircase to the Slime Pits.
 16351 | Lair:4   | 16351 ||| INVOKING Heroism.
 16501 | Lair:4   | 16501 ||| Stepping ~*~*~tactically~*~*~ (stealth).
 16502 | Lair:4   | 16502 ||| INVOKING Heroism.
 16692 | Lair:4   | 16692 ||| INVOKING Heroism.
 16914 | Lair:4   | 16914 ||| INVOKING Heroism.
 16981 | Lair:4   | 16981 ||| READING scroll labelled ROLU CORAISS.
 17026 | Lair:5   | Entered Level 5 of the Lair of Beasts
 17083 | Lair:5   | 17083 ||| INVOKING Heroism.
 17086 | Lair:5   | 17086 ||| SWAPPING to +2 morningstar of flaming.
 17092 | Lair:5   | 17092 ||| SWAPPING to +2 vampiric war axe.
 17155 | Lair:5   | 17155 ||| INVOKING Heroism.
 17242 | Lair:5   | 17242 ||| INVOKING Heroism.
 17246 | Lair:5   | Reached skill level 1 in Throwing
 17284 | Lair:5   | 17284 ||| INVOKING Heroism.
 17309 | Lair:5   | Received a gift from Okawaru
 17310 | Lair:5   | Reached skill level 3 in Throwing
 17315 | Lair:5   | 17315 ||| INVOKING Finesse.
 17316 | Lair:5   | 17316 ||| INVOKING Heroism.
 17354 | Lair:5   | Gained mutation: Your large and strong wings let you fly.
                  | [Gargoyle growth]
 17354 | Lair:5   | Reached XP level 14. HP: 88/88 MP: 16/21
 17454 | Lair:5   | 17454 ||| INVOKING Heroism.
 17548 | Lair:5   | 17548 ||| INVOKING Heroism.
 17549 | Lair:5   | 17549 ||| INVOKING Finesse.
 17551 | Lair:5   | 17551 ||| SWAPPING to +2 morningstar of flaming.
 17556 | Lair:5   | 17556 ||| SWAPPING to +2 vampiric war axe.
 17798 | Lair:5   | 17798 ||| INVOKING Heroism.
 17890 | Lair:5   | 17890 ||| Stepping ~*~*~tactically~*~*~ (stealth).
 17891 | Lair:5   | 17891 ||| Stepping ~*~*~tactically~*~*~ (stealth).
 17924 | Lair:5   | 17924 ||| Stepping ~*~*~tactically~*~*~ (stealth).
 17994 | Lair:5   | 17994 ||| Stepping ~*~*~tactically~*~*~ (hiding).
 17996 | Lair:5   | 17996 ||| Stepping ~*~*~tactically~*~*~ (hiding).
 18018 | Lair:5   | 18018 ||| INVOKING Heroism.
 18022 | Lair:5   | Reached skill level 12 in Shields
 18097 | Lair:5   | 18097 ||| Stepping ~*~*~tactically~*~*~ (stealth).
 18098 | Lair:5   | 18098 ||| Stepping ~*~*~tactically~*~*~ (stealth).
 18103 | Lair:5   | 18103 ||| Stepping ~*~*~tactically~*~*~ (stealth).
 18104 | Lair:5   | 18104 ||| Stepping ~*~*~tactically~*~*~ (stealth).
 18105 | Lair:5   | 18105 ||| Stepping ~*~*~tactically~*~*~ (stealth).
 18106 | Lair:5   | 18106 ||| Stepping ~*~*~tactically~*~*~ (stealth).
 18132 | Lair:5   | 18132 ||| FLEEEEING.
 18553 | Lair:5   | 18553 ||| PLANNING D
 18553 | Lair:5   | 18553 ||| UPGRADING to +0 tower shield.
 18563 | Lair:5   | 18563 ||| DROPPING +0 kite shield.
 18564 | Lair:5   | 18564 ||| UPGRADING to +0 cloak.
 18569 | Lair:5   | 18569 ||| UPGRADING to +4 ring of protection.
 18571 | Lair:5   | 18571 ||| READING scroll labelled YNKYGI XALITOACE.
 18572 | Lair:5   | 18572 ||| READING 6 scrolls of identify.
 18572 | Lair:5   | 18572 ||| IDENTIFYING pink potion
 18724 | D:12     | 18724 ||| INVOKING Heroism.
 18725 | D:12     | 18725 ||| INVOKING Finesse.
 18728 | D:12     | 18728 ||| SWAPPING to +2 morningstar of flaming.
 18731 | D:12     | Received a gift from Okawaru
 18732 | D:12     | 18732 ||| SWAPPING to +2 vampiric war axe.
 18739 | D:12     | 18739 ||| STAIRDANCE
 18805 | D:12     | 18805 ||| INVOKING Heroism.
 18806 | D:12     | 18806 ||| INVOKING Finesse.
 18807 | D:12     | 18807 ||| SWAPPING to +2 morningstar of flaming.
 18812 | D:12     | 18812 ||| SWAPPING to +2 vampiric war axe.
 18833 | D:12     | 18833 ||| INVOKING Heroism.
 18857 | D:12     | 18857 ||| DRINKING 5 potions of curing.
 18857 | D:12     | 18857 ||| (to cure confusion)
 18892 | D:12     | 18892 ||| DROPPING +2 morningstar of flaming.
 19192 | D:12     | 19192 ||| READING scroll of enchant armour.
 19192 | D:12     | 19192 ||| ENCHANTING +0 helmet.
 19376 | D:12     | 19376 ||| READING scroll of enchant armour.
 19376 | D:12     | 19376 ||| ENCHANTING +1 helmet.
 19517 | D:12     | Found a staircase to the Orcish Mines.
 19550 | D:12     | 19550 ||| DRINKING 5 potions of curing.
 19550 | D:12     | 19550 ||| (to cure confusion)
 19649 | D:12     | 19649 ||| DRINKING 2 cyan potions.
 19701 | D:13     | Found a gate to the Vaults.
 19702 | D:13     | 19702 ||| INVOKING Heroism.
 19703 | D:13     | 19703 ||| STAIRDANCE
 19712 | D:12     | Reached skill level 13 in Shields
 19716 | D:13     | 19716 ||| STAIRDANCE
 19733 | D:13     | 19733 ||| STAIRDANCE
 19789 | D:13     | 19789 ||| STAIRDANCE
 19791 | D:12     | 19791 ||| INVOKING Heroism.
 19807 | D:13     | 19807 ||| STAIRDANCE
 19809 | D:12     | 19809 ||| INVOKING Finesse.
 19868 | D:13     | 19868 ||| STAIRDANCE
 19947 | D:13     | 19947 ||| INVOKING Heroism.
 19966 | D:13     | Reached skill level 14 in Shields
 19999 | D:13     | 19999 ||| INVOKING Heroism.
 20084 | D:13     | 20084 ||| Stepping ~*~*~tactically~*~*~ (stealth).
 20684 | D:14     | 20684 ||| Stepping ~*~*~tactically~*~*~ (hiding).
 20685 | D:14     | 20685 ||| Stepping ~*~*~tactically~*~*~ (hiding).
 20814 | D:14     | 20814 ||| INVOKING Heroism.
 20815 | D:14     | 20815 ||| INVOKING Finesse.
 20817 | D:14     | 20817 ||| SWAPPING to +1 hand axe of flaming.
 20828 | D:14     | Received a gift from Okawaru
 20829 | D:14     | 20829 ||| SWAPPING to +2 vampiric war axe.
 20870 | D:14     | 20870 ||| Stepping ~*~*~tactically~*~*~ (hiding).
 20883 | D:14     | Reached skill level 15 in Shields
 21019 | D:14     | Found a runed translucent gate.
 21019 | D:14     | Found a runed translucent gate.
 21019 | D:14     | Found a runed translucent gate.
 21021 | D:14     | Noticed Wociock's ghost (journeyman DgHW)
 21071 | D:14     | 21071 ||| Stepping ~*~*~tactically~*~*~ (stealth).
 21079 | D:14     | Reached XP level 15. HP: 94/94 MP: 22/22
 21238 | D:14     | 21238 ||| Stepping ~*~*~tactically~*~*~ (hiding).
 21242 | D:14     | 21242 ||| Stepping ~*~*~tactically~*~*~ (hiding).
 21246 | D:14     | 21246 ||| INVOKING Heroism.
 21672 | D:15     | Entered Level 15 of the Dungeon
 21698 | D:15     | 21698 ||| Stepping ~*~*~tactically~*~*~ (hiding).
 21702 | D:15     | 21702 ||| INVOKING Heroism.
 21716 | D:15     | Identified the +4 chain mail of Limitation {Str+4 Int+4}
                  | (Okawaru gifted it to you on level 15 of the Dungeon)
 21716 | D:15     | Received a gift from Okawaru
 21722 | D:15     | 21722 ||| INVOKING Heroism.
 21789 | D:15     | 21789 ||| Stepping ~*~*~tactically~*~*~ (stealth).
 21791 | D:15     | 21791 ||| Stepping ~*~*~tactically~*~*~ (stealth).
 21793 | D:15     | 21793 ||| INVOKING Heroism.
 21794 | D:15     | 21794 ||| Stepping ~*~*~tactically~*~*~ (stealth).
 21809 | D:15     | Reached skill level 16 in Shields
 21912 | D:15     | Found a staircase to the Depths.
 21913 | D:15     | 21913 ||| INVOKING Heroism.
 21915 | D:15     | 21915 ||| Stepping ~*~*~tactically~*~*~ (stealth).
 21942 | D:15     | 21942 ||| INVOKING Finesse.
 21944 | D:15     | 21944 ||| SWAPPING to +1 hand axe of flaming.
 21960 | D:15     | 21960 ||| SWAPPING to +2 vampiric war axe.
 22051 | D:15     | 22051 ||| Stepping ~*~*~tactically~*~*~ (stealth).
 22052 | D:15     | 22052 ||| Stepping ~*~*~tactically~*~*~ (stealth).
 22052 | D:15     | Identified the +8 plate armour of Arhug {Fly rF- rC+ rN+}
 22053 | D:15     | 22053 ||| INVOKING Heroism.
 22126 | D:15     | 22126 ||| Stepping ~*~*~tactically~*~*~ (stealth).
 22129 | D:15     | 22129 ||| Stepping ~*~*~tactically~*~*~ (hiding).
 22329 | D:15     | 22329 ||| Stepping ~*~*~tactically~*~*~ (stealth).
 22333 | D:15     | 22333 ||| Stepping ~*~*~tactically~*~*~ (stealth).
 22345 | D:15     | Found Bouts's Jewellery Emporium.
 22351 | D:15     | 22351 ||| BUYING amulet "Xefecvun" {Reflect Str+3 SH+5}
                  | (649 gold).
 22351 | D:15     | Bought the amulet "Xefecvun" {Reflect Str+3 SH+5} for 649
                  | gold pieces
 22351 | D:15     | 22351 ||| SHOPLISTING ring of Inuocsow {Fire +Blink Int+4
                  | Slay+3 Stlth+} (942 gold, have 663).
 22351 | D:15     | 22351 ||| BUYING ring of fire (375 gold).
 22351 | D:15     | Bought a ring of fire for 375 gold pieces
 22351 | D:15     | 22351 ||| SHOPLISTING ring of resist corrosion (300 gold,
                  | have 288).
 22408 | D:15     | 22408 ||| Stepping ~*~*~tactically~*~*~ (stealth).
 22425 | D:15     | 22425 ||| INVOKING Heroism.
 22622 | D:15     | 22622 ||| PLANNING ORC
 22622 | D:15     | 22622 ||| UPGRADING to +8 plate armour of Arhug {Fly rF-
                  | rC+ rN+}.
 22632 | D:15     | 22632 ||| DROPPING +0 plate armour.
 22633 | D:15     | 22633 ||| UPGRADING to amulet "Xefecvun" {Reflect Str+3
                  | SH+5}.
 22725 | Orc:1    | Entered Level 1 of the Orcish Mines
 22725 | Orc:1    | Noticed Sonja
 22726 | Orc:1    | 22726 ||| INVOKING Heroism.
 22727 | Orc:1    | 22727 ||| INVOKING Finesse.
 22732 | Orc:1    | Killed Sonja
 22909 | Orc:2    | Entered Level 2 of the Orcish Mines
 22910 | Orc:2    | 22910 ||| STAIRDANCE
 22946 | Orc:2    | 22946 ||| Stepping ~*~*~tactically~*~*~ (stealth).
 22948 | Orc:2    | 22948 ||| Stepping ~*~*~tactically~*~*~ (hiding).
 22951 | Orc:2    | 22951 ||| INVOKING Heroism.
 22955 | Orc:2    | 22955 ||| Stepping ~*~*~tactically~*~*~ (stealth).
 22966 | Orc:2    | 22966 ||| Stepping ~*~*~tactically~*~*~ (hiding).
 23077 | Orc:2    | Found a staircase to the Elven Halls.
 23110 | Orc:2    | 23110 ||| INVOKING Heroism.
 23111 | Orc:2    | 23111 ||| INVOKING Finesse.
 23184 | Orc:2    | Found Teschus's Book Emporium.
 23262 | Orc:2    | 23262 ||| Stepping ~*~*~tactically~*~*~ (stealth).
 23263 | Orc:2    | 23263 ||| INVOKING Heroism.
 23277 | Orc:2    | Reached skill level 15 in Axes
 23385 | Orc:2    | 23385 ||| Stepping ~*~*~tactically~*~*~ (hiding).
 23392 | Orc:2    | 23392 ||| FLEEEEING.
 23393 | Orc:2    | 23393 ||| FLEEEEING.
 23394 | Orc:2    | 23394 ||| FLEEEEING.
 23395 | Orc:2    | 23395 ||| FLEEEEING.
 23396 | Orc:2    | 23396 ||| FLEEEEING.
 23397 | Orc:2    | 23397 ||| Stepping ~*~*~tactically~*~*~ (hiding).
 23398 | Orc:2    | 23398 ||| INVOKING Heroism.
 23423 | Orc:2    | 23423 ||| Stepping ~*~*~tactically~*~*~ (hiding).
 23452 | Orc:2    | 23452 ||| Stepping ~*~*~tactically~*~*~ (hiding).
 23456 | Orc:2    | 23456 ||| INVOKING Heroism.
 23461 | Orc:2    | 23461 ||| Stepping ~*~*~tactically~*~*~ (hiding).
 23467 | Orc:2    | 23467 ||| Stepping ~*~*~tactically~*~*~ (hiding).
 23483 | Orc:2    | Paralysed by an orc sorcerer for 4 turns
 23484 | Orc:2    | Reached skill level 3 in Dodging
 23489 | Orc:2    | 23489 ||| Stepping ~*~*~tactically~*~*~ (hiding).
 23514 | Orc:2    | 23514 ||| Stepping ~*~*~tactically~*~*~ (hiding).
 23630 | Orc:2    | Found Fuet's General Store.
 23635 | Orc:2    | Found Xyuhuadi's Book Shoppe.
 23639 | Orc:2    | 23639 ||| BUYING potion of heal wounds (50 gold).
 23639 | Orc:2    | Bought a potion of heal wounds for 50 gold pieces
 23639 | Orc:2    | 23639 ||| BUYING scroll of identify (20 gold).
 23639 | Orc:2    | Bought a scroll of identify for 20 gold pieces
 23639 | Orc:2    | 23639 ||| BUYING scroll of teleportation (30 gold).
 23639 | Orc:2    | Bought a scroll of teleportation for 30 gold pieces
 23642 | Orc:2    | Found Migabr Niut's Assorted Antiques.
 23644 | Orc:2    | Found Ajaediudghe's General Store.
 23650 | Orc:2    | 23650 ||| BUYING glowing cloak (225 gold).
 23650 | Orc:2    | Bought a glowing cloak for 225 gold pieces
 23650 | Orc:2    | 23650 ||| BUYING knobbly gilded ring (150 gold).
 23650 | Orc:2    | Bought a knobbly gilded ring for 150 gold pieces
 23650 | Orc:2    | 23650 ||| BUYING scroll of blinking (225 gold).
 23650 | Orc:2    | Bought a scroll of blinking for 225 gold pieces
 23653 | Orc:2    | 23653 ||| BUYING potion of heal wounds (50 gold).
 23653 | Orc:2    | Bought a potion of heal wounds for 50 gold pieces
 23667 | Orc:2    | 23667 ||| UPGRADING to +2 cloak of preservation.
 23677 | Orc:2    | 23677 ||| DROPPING +0 cloak.
 23678 | Orc:2    | 23678 ||| DROPPING ring of wizardry.
 23796 | Orc:1    | Noticed Erolcha
 23797 | Orc:1    | 23797 ||| Stepping ~*~*~tactically~*~*~ (hiding).
 23808 | Orc:1    | Killed Erolcha
 23877 | Orc:1    | Found Qejar's Distillery.
 23928 | Orc:1    | 23928 ||| BUYING potion of attraction (42 gold).
 23928 | Orc:1    | Bought a potion of attraction for 42 gold pieces
 23928 | Orc:1    | 23928 ||| BUYING potion of attraction (42 gold).
 23928 | Orc:1    | Bought a potion of attraction for 42 gold pieces
 23928 | Orc:1    | 23928 ||| BUYING potion of curing (42 gold).
 23928 | Orc:1    | Bought a potion of curing for 42 gold pieces
 23928 | Orc:1    | 23928 ||| BUYING potion of curing (42 gold).
 23928 | Orc:1    | Bought a potion of curing for 42 gold pieces
 23928 | Orc:1    | 23928 ||| BUYING potion of curing (42 gold).
 23928 | Orc:1    | Bought a potion of curing for 42 gold pieces
 23928 | Orc:1    | 23928 ||| SHOPLISTING potion of haste (140 gold, have 18).
 23928 | Orc:1    | 23928 ||| SHOPLISTING potion of magic (112 gold, have 18).
 23928 | Orc:1    | 23928 ||| SHOPLISTING potion of might (56 gold, have 18).
 24069 | Orc:1    | 24069 ||| PLANNING SWAMP:1-3
 24298 | Swamp:1  | Entered Level 1 of the Swamp
 24341 | Swamp:1  | 24341 ||| Stepping ~*~*~tactically~*~*~ (hiding).
 24365 | Swamp:1  | 24365 ||| INVOKING Heroism.
 24491 | Swamp:1  | 24491 ||| Stepping ~*~*~tactically~*~*~ (hiding).
 24496 | Swamp:1  | 24496 ||| INVOKING Heroism.
 24501 | Swamp:1  | Reached skill level 12 in Fighting
 24537 | Swamp:1  | Received a gift from Okawaru
 24539 | Swamp:1  | Noticed a tentacled monstrosity
 24540 | Swamp:1  | 24540 ||| INVOKING Heroism.
 24541 | Swamp:1  | 24541 ||| INVOKING Finesse.
 24554 | Swamp:1  | Killed a tentacled monstrosity
 24555 | Swamp:1  | Reached XP level 16. HP: 60/101 MP: 16/23
 24738 | Swamp:1  | 24738 ||| Stepping ~*~*~tactically~*~*~ (hiding).
 24848 | Swamp:1  | 24848 ||| INVOKING Heroism.
 24860 | Swamp:1  | Received a gift from Okawaru
 24877 | Swamp:1  | 24877 ||| DROPPING +1 war axe of pain.
 24913 | Swamp:1  | 24913 ||| Stepping ~*~*~tactically~*~*~ (stealth).
 24923 | Swamp:1  | 24923 ||| Stepping ~*~*~tactically~*~*~ (hiding).
 24925 | Swamp:1  | 24925 ||| INVOKING Heroism.
 25030 | Swamp:1  | 25030 ||| INVOKING Heroism.
 25117 | Swamp:1  | 25117 ||| INVOKING Heroism.
 25583 | Swamp:1  | 25583 ||| INVOKING Heroism.
 25584 | Swamp:1  | 25584 ||| INVOKING Finesse.
 25585 | Swamp:1  | 25585 ||| SWAPPING to +1 hand axe of flaming.
 25593 | Swamp:1  | 25593 ||| SWAPPING to +2 vampiric war axe.
 25684 | Swamp:1  | 25684 ||| UPGRADING to +2 pair of boots.
 25694 | Swamp:1  | 25694 ||| DROPPING +0 pair of boots.
 25695 | Swamp:1  | 25695 ||| READING 11 scrolls of identify.
 25695 | Swamp:1  | 25695 ||| IDENTIFYING clear potion
 25745 | Swamp:2  | 25745 ||| INVOKING Heroism.
 25804 | Swamp:2  | Noticed a thorn hunter
 25805 | Swamp:2  | 25805 ||| Stepping ~*~*~tactically~*~*~ (hiding).
 25814 | Swamp:2  | 25814 ||| INVOKING Heroism.
 25817 | Swamp:2  | Killed a thorn hunter
 25871 | Swamp:2  | 25871 ||| INVOKING Heroism.
 25901 | Swamp:2  | 25901 ||| SWAPPING to +1 hand axe of flaming.
 25910 | Swamp:2  | 25910 ||| SWAPPING to +2 vampiric war axe.
 26268 | Swamp:3  | 26268 ||| INVOKING Heroism.
 26310 | Swamp:3  | 26310 ||| INVOKING Heroism.
 26311 | Swamp:3  | 26311 ||| Stepping ~*~*~tactically~*~*~ (hiding).
 26312 | Swamp:3  | 26312 ||| Stepping ~*~*~tactically~*~*~ (stealth).
 26410 | Swamp:3  | 26410 ||| Stepping ~*~*~tactically~*~*~ (hiding).
 26411 | Swamp:3  | 26411 ||| Stepping ~*~*~tactically~*~*~ (hiding).
 26451 | Swamp:3  | 26451 ||| DROPPING +1 vorpal war axe.
 26460 | Swamp:3  | 26460 ||| Stepping ~*~*~tactically~*~*~ (hiding).
 26461 | Swamp:3  | 26461 ||| INVOKING Heroism.
 26496 | Swamp:3  | Reached skill level 12 in Armour
 26525 | Swamp:3  | 26525 ||| INVOKING Heroism.
 26594 | Swamp:3  | 26594 ||| Stepping ~*~*~tactically~*~*~ (hiding).
 26641 | Swamp:3  | Noticed Roxanne
 26642 | Swamp:3  | 26642 ||| INVOKING Heroism.
 26643 | Swamp:3  | 26643 ||| INVOKING Finesse.
 26682 | Swamp:3  | Killed Roxanne
 26727 | Swamp:3  | Noticed a thorn hunter
 26728 | Swamp:3  | 26728 ||| INVOKING Heroism.
 26729 | Swamp:3  | 26729 ||| INVOKING Finesse.
 26755 | Swamp:3  | Killed a thorn hunter
 26756 | Swamp:3  | Reached skill level 17 in Shields
 26783 | Swamp:3  | 26783 ||| INVOKING Heroism.
 26817 | Swamp:3  | 26817 ||| SWAPPING to +1 hand axe of flaming.
 26827 | Swamp:3  | 26827 ||| SWAPPING to +2 vampiric war axe.
 26857 | Swamp:3  | 26857 ||| INVOKING Heroism.
 27010 | Swamp:3  | 27010 ||| PLANNING SPIDER:1-3
 27010 | Swamp:3  | 27010 ||| READING scroll labelled VOBLEA OXACK.
 27221 | Lair:2   | 27221 ||| INVOKING Finesse.
 27223 | Lair:2   | 27223 ||| INVOKING Heroism.
 27339 | Spider:1 | Entered Level 1 of the Spider Nest
 27353 | Spider:1 | 27353 ||| Stepping ~*~*~tactically~*~*~ (stealth).
 27356 | Spider:1 | 27356 ||| INVOKING Heroism.
 27429 | Spider:1 | 27429 ||| Stepping ~*~*~tactically~*~*~ (stealth).
 27449 | Spider:1 | 27449 ||| INVOKING Heroism.
 27470 | Spider:1 | 27470 ||| INVOKING Finesse.
 27622 | Spider:1 | 27622 ||| Stepping ~*~*~tactically~*~*~ (stealth).
 27626 | Spider:1 | 27626 ||| INVOKING Heroism.
 27664 | Spider:1 | 27664 ||| Stepping ~*~*~tactically~*~*~ (stealth).
 27669 | Spider:1 | 27669 ||| INVOKING Finesse.
 27673 | Spider:1 | 27673 ||| Stepping ~*~*~tactically~*~*~ (hiding).
 27735 | Spider:1 | 27735 ||| Stepping ~*~*~tactically~*~*~ (stealth).
 27782 | Spider:1 | 27782 ||| Stepping ~*~*~tactically~*~*~ (stealth).
 27787 | Spider:1 | 27787 ||| Stepping ~*~*~tactically~*~*~ (stealth).
 27958 | Spider:1 | 27958 ||| Stepping ~*~*~tactically~*~*~ (stealth).
 28001 | Spider:1 | 28001 ||| Stepping ~*~*~tactically~*~*~ (hiding).
 28005 | Spider:1 | 28005 ||| INVOKING Heroism.
 28025 | Spider:1 | Reached XP level 17. HP: 108/108 MP: 24/24
 28026 | Spider:1 | 28026 ||| Stepping ~*~*~tactically~*~*~ (stealth).
 28123 | Spider:1 | Identified the +3 flail "Zaipnuorph" {vorpal, SInv}
 28356 | Spider:1 | Received a gift from Okawaru
 28451 | Spider:1 | 28451 ||| Stepping ~*~*~tactically~*~*~ (stealth).
 28454 | Spider:1 | 28454 ||| Stepping ~*~*~tactically~*~*~ (stealth).
 28460 | Spider:1 | 28460 ||| Stepping ~*~*~tactically~*~*~ (stealth).
 28464 | Spider:1 | 28464 ||| Stepping ~*~*~tactically~*~*~ (stealth).
 28466 | Spider:1 | 28466 ||| Stepping ~*~*~tactically~*~*~ (hiding).
 28474 | Spider:1 | 28474 ||| Stepping ~*~*~tactically~*~*~ (stealth).
 29084 | Spider:2 | Received a gift from Okawaru
 29143 | Spider:2 | Noticed Asterion
 29144 | Spider:2 | 29144 ||| Stepping ~*~*~tactically~*~*~ (hiding).
 29145 | Spider:2 | 29145 ||| Stepping ~*~*~tactically~*~*~ (hiding).
 29150 | Spider:2 | 29150 ||| INVOKING Heroism.
 29151 | Spider:2 | 29151 ||| INVOKING Finesse.
 29170 | Spider:2 | Killed Asterion
 29174 | Spider:2 | 29174 ||| Stepping ~*~*~tactically~*~*~ (stealth).
 29206 | Spider:2 | 29206 ||| Stepping ~*~*~tactically~*~*~ (stealth).
 29210 | Spider:2 | 29210 ||| DROPPING +1 hand axe of flaming.
 29212 | Spider:2 | 29212 ||| Stepping ~*~*~tactically~*~*~ (stealth).
 29241 | Spider:2 | 29241 ||| INVOKING Heroism.
 29322 | Spider:2 | 29322 ||| Stepping ~*~*~tactically~*~*~ (stealth).
 29327 | Spider:2 | 29327 ||| Stepping ~*~*~tactically~*~*~ (stealth).
 29412 | Spider:2 | Noticed Mlioglotl
 29413 | Spider:2 | 29413 ||| INVOKING Heroism.
 29414 | Spider:2 | 29414 ||| Stepping ~*~*~tactically~*~*~ (stealth).
 29415 | Spider:2 | 29415 ||| INVOKING Finesse.
 29432 | Spider:2 | Killed Mlioglotl
 29433 | Spider:2 | Reached skill level 6 in Throwing
 29524 | Spider:2 | Noticed Arachne
 29525 | Spider:2 | 29525 ||| Stepping ~*~*~tactically~*~*~ (hiding).
 29527 | Spider:2 | 29527 ||| INVOKING Finesse.
 29557 | Spider:2 | Killed Arachne
 29557 | Spider:2 | Received a gift from Okawaru
 29622 | Spider:2 | 29622 ||| READING scroll of acquirement.
 29622 | Spider:2 | 29622 ||| ACQUIRING +1 pair of gloves of the New World
                  | {Str+3}
 29622 | Spider:2 | Acquired the +1 pair of gloves of the New World {Str+3}
 29624 | Spider:2 | 29624 ||| UPGRADING to +1 pair of gloves of the New World
                  | {Str+3}.
 29634 | Spider:2 | 29634 ||| DROPPING +2 pair of gloves.
 29637 | Spider:2 | 29637 ||| Stepping ~*~*~tactically~*~*~ (hiding).
 29677 | Spider:2 | 29677 ||| INVOKING Heroism.
 29685 | Spider:2 | Received a gift from Okawaru
 29687 | Spider:2 | Reached skill level 18 in Shields
 29911 | Spider:2 | 29911 ||| INVOKING Heroism.
 29916 | Spider:2 | 29916 ||| Stepping ~*~*~tactically~*~*~ (stealth).
 30048 | Spider:2 | 30048 ||| INVOKING Heroism.
 30349 | Spider:2 | 30349 ||| Stepping ~*~*~tactically~*~*~ (stealth).
 30542 | Spider:3 | 30542 ||| STAIRDANCE
 30609 | Spider:3 | Received a gift from Okawaru
 30707 | Spider:3 | 30707 ||| Stepping ~*~*~tactically~*~*~ (hiding).
 30708 | Spider:3 | 30708 ||| INVOKING Heroism.
 31026 | Spider:3 | 31026 ||| FLEEEEING.
 31027 | Spider:3 | 31027 ||| FLEEEEING.
 31028 | Spider:3 | 31028 ||| FLEEEEING.
 31029 | Spider:3 | 31029 ||| FLEEEEING.
 31030 | Spider:3 | 31030 ||| FLEEEEING.
 31031 | Spider:3 | 31031 ||| FLEEEEING.
 31032 | Spider:3 | 31032 ||| FLEEEEING.
 31033 | Spider:3 | 31033 ||| FLEEEEING.
 31034 | Spider:3 | 31034 ||| FLEEEEING.
 31036 | Spider:3 | 31036 ||| FLEEEEING.
 31039 | Spider:3 | 31039 ||| FLEEEEING.
 31040 | Spider:3 | 31040 ||| FLEEEEING.
 31041 | Spider:3 | 31041 ||| FLEEEEING.
 31090 | Spider:3 | 31090 ||| INVOKING Heroism.
 31091 | Spider:3 | 31091 ||| Stepping ~*~*~tactically~*~*~ (stealth).
 31099 | Spider:3 | 31099 ||| DRINKING 9 potions of curing.
 31099 | Spider:3 | 31099 ||| (to cure confusion)
 31110 | Spider:3 | Received a gift from Okawaru
 31292 | Spider:3 | 31292 ||| PLANNING SWAMP:4
 31292 | Spider:3 | 31292 ||| DROPPING ring of magical power.
 31469 | Swamp:4  | Entered Level 4 of the Swamp
 31585 | Swamp:4  | Noticed a tentacled monstrosity
 31585 | Swamp:4  | Noticed Louise
 31586 | Swamp:4  | 31586 ||| Stepping ~*~*~tactically~*~*~ (stealth).
 31587 | Swamp:4  | 31587 ||| INVOKING Heroism.
 31588 | Swamp:4  | 31588 ||| Stepping ~*~*~tactically~*~*~ (stealth).
 31589 | Swamp:4  | 31589 ||| INVOKING Finesse.
 31590 | Swamp:4  | 31590 ||| Stepping ~*~*~tactically~*~*~ (stealth).
 31592 | Swamp:4  | 31592 ||| Stepping ~*~*~tactically~*~*~ (hiding).
 31601 | Swamp:4  | Killed a tentacled monstrosity
 31618 | Swamp:4  | Killed Louise
 31625 | Swamp:4  | 31625 ||| Stepping ~*~*~tactically~*~*~ (hiding).
 31655 | Swamp:4  | 31655 ||| INVOKING Heroism.
 31710 | Swamp:4  | Lost intelligence.
 31714 | Swamp:4  | 31714 ||| SWAPPING to +2 broad axe of flaming.
 31717 | Swamp:4  | HP: 20/111 [bunyip[a spriggan druid] (21)]
 31718 | Swamp:4  | 31718 ||| DRINKING 8 potions of heal wounds.
 31721 | Swamp:4  | Reached XP level 18. HP: 24/116 MP: 25/25
 31721 | Swamp:4  | 31721 ||| DRINKING 7 potions of heal wounds.
 31722 | Swamp:4  | 31722 ||| INVOKING Heroism.
 31722 | Swamp:4  | HP: 29/116 [alligator[a spriggan druid] (15)]
 31723 | Swamp:4  | 31723 ||| DRINKING 6 potions of heal wounds.
 31724 | Swamp:4  | 31724 ||| SWAPPING to +2 vampiric war axe.
 31749 | Swamp:4  | HP: 28/117 [acid[a spriggan druid] (4)]
 31750 | Swamp:4  | 31750 ||| DRINKING 5 potions of heal wounds.
 31751 | Swamp:4  | 31751 ||| INVOKING Heroism.
 31754 | Swamp:4  | Paralysed by a fenstrider witch for 4 turns
 31756 | Swamp:4  | HP: 27/117 [constriction (11)]
 31758 | Swamp:4  | 31758 ||| DRINKING 4 potions of heal wounds.
 31759 | Swamp:4  | 31759 ||| DRINKING 3 potions of heal wounds.
 31768 | Swamp:4  | HP: 29/117 [bunyip[a spriggan druid] (12)]
 31769 | Swamp:4  | 31769 ||| DRINKING 2 potions of heal wounds.
 31776 | Swamp:4  | HP: 19/118 [reaper/+2 scythe of venom (19)]
 31776 | Swamp:4  | HP: 3/118 [constriction (16)]
 31777 | Swamp:4  | 31777 ||| DRINKING potion of heal wounds.
 31783 | Swamp:4  | HP: 1/118 [spriggan rider/+3 spear (6)]
 31786 | Swamp:4  | Reached skill level 15 in Fighting
 31786 | Swamp:4  | 31786 ||| INVOKING Heroism.
 31786 | Swamp:4  | Constricted to death by a shambling mangrove

Levels and vault maps discovered:
D:1:      dpeg_arrival_windows_large_door, layout_loops_ring
D:2:      layout_basic, hangedman_decor_clover_reticule,
          minmay_misc_feat_columns
D:3:      cheibrodos_fertilizer, layout_basic,
          yredelemnul_forgotten_temple_becter, grunt_gozag_statues,
          shapermc_ecumenical_altar_notcrosses, kennysheep_generic_room_15
D:4:      layout_loops_cross, mainiacjoe_overflow_catch_the_wave, serial_shops,
          nicolae_stop_n_shop_1, nicolae_shop_hallway_plus,
          nicolae_stop_n_shop_1
D:5:      layout_basic, nzn_overflow_gifts_of_might_and_magic,
          mainiacjoe_overflow_alcove_4, temple_green, lightli_church_of_beogh
D:6:      layout_basic, dreamdust_divine_triumvirate,
          mainiacjoe_overflow_boulevard, uniq_grinder
D:7:      nzn_winding_woodlands_small [nzn_winding_woodlands_5x15_crooked,
          nzn_winding_woodlands_center_garden,
          nzn_winding_woodlands_5x15_pathside_ponds], layout_rooms,
          mainiacjoe_overflow_catwalk, chequers_ossuary_entry_cave,
          uniq_duvessa, uniq_maggie
D:8:      cheibrodos_histonic, layout_basic, kennysheep_mini_moat, hex_large
D:9:      layout_grid_maze, item_on_display_a, uniq_pikel
D:10:     layout_cave_pools, uniq_grum
D:11:     layout_basic, dpeg_lair_monsters, serial_bayou, serial_bayou_pond_a,
          serial_bayou_lagoon_a, serial_bayou_crossing, serial_bayou_pond_a,
          portal_ice_cave_entry_imps
D:12:     layout_loops_ring, erik_orc_2
D:13:     layout_gridville, david_vaults_3
D:14:     layout_loops_corners, gammafunk_ghost_hydra_chop, hangedman_decor_push
D:15:     hangedman_depths_entry_try_elsewhere_first, layout_loops_ring,
          serial_shops, shop, kennysheep_flooded_box
Temple:   kb_temple_of_zot
Lair:1:   layout_regular_city, small_statue_intersection
Lair:2:   layout_long_grid, nicolae_swamp_entry_splash_gauntlet,
          nicolae_spider_entry_orb_guardian, nicolae_lair_run_with_the_wolves,
          lemuel_fruit_tree, uniq_fannar
Lair:3:   layout_regular_city, lemuel_fruit_fields, grunt_megastairs_3
Lair:4:   layout_loops_ring, slime_entry_1, eino_small_chamber_without_monster
Lair:5:   gammafunk_lair_ancient_temple, layout_cave_shapes
Swamp:1:  layout_basic_swamp, nicolae_swamp_tree_designs,
          infiniplex_staircase_pool_2
Swamp:2:  layout_basic_swamp, nicolae_swamp_bean_lake
Swamp:3:  layout_falls_marsh, infiniplex_staircase_pool, uniq_roxanne
Swamp:4:  nzn_swamp_witches_coven, layout_basic_swamp, uniq_louise
Spider:1: layout_chambers, nicolae_crawler_farm
Spider:2: layout_spider_delve, nicolae_spider_rock_and_or_roll, uniq_arachne,
          uniq_mlioglotl, uniq_asterion
Spider:3: layout_spider_delve, hellmonk_narrow_tunnel
Orc:1:    layout_caves, serial_shops, shop, uniq_erolcha, uniq_sonja
Orc:2:    st_orc_elflike, layout_caves, serial_shops, shop

Skill      XL: |  1  2  3  4  5  6  7  8  9 10 11 12 13 14 15 16 17 18 |
---------------+-------------------------------------------------------+-----
Axes           | 2 3 4 5 6 7 8 9 10 11 12 13 14 15 16 | 16.0
Fighting       | 4 5 7 8 9 10 11 12 13 14 15 | 15.0
Dodging        | 1 2 3 4 |  4.0
Armour         | 4 5 6 8 9 10 11 13 14 | 14.0
Invocations    | 4 8 10 | 10.0
Shields        | 4 8 9 10 11 15 16 17 18 | 18.0
Throwing       | 4 5 8 |  8.0

Action                   |  1- 3 |  4- 6 |  7- 9 | 10-12 | 13-15 | 16-18 || total
-------------------------+-------+-------+-------+-------+-------+-------++-------
Melee: War axe           |   105 |   201 |   272 |   628 |  1315 |  1305 ||  3826
       Morningstar       |       |       |       |     7 |    31 |       ||    38
       Hand axe          |       |       |       |       |    26 |    23 ||    49
       Broad axe         |       |       |       |       |       |     5 ||     5
Throw: Boomerang         |       |    11 |     1 |       |    12 |    77 ||   101
       Javelin           |       |       |       |       |    72 |    58 ||   130
Invok: Heroism           |       |       |    13 |    28 |    50 |    34 ||   125
       Finesse           |       |       |       |     4 |    16 |    10 ||    30
  Use: Scroll            |     1 |     6 |     6 |    10 |    10 |     3 ||    36
       Potion            |       |     3 |     3 |     2 |     3 |     9 ||    20
 Stab: Distracted        |       |       |       |     1 |       |     1 ||     2
       Confused          |       |       |       |       |     1 |       ||     1
Armor: Scale mail        |    44 |    87 |       |       |       |       ||   131
       Chain mail        |       |    23 |   149 |    67 |       |       ||   239
       Plate armour      |       |       |       |   316 |   742 |   773 ||  1831
Dodge: Dodged            |    39 |    95 |    81 |   157 |   308 |   271 ||   951
Block: Buckler           |    17 |    42 |    20 |       |       |       ||    79
       Kite shield       |       |       |    71 |   307 |   260 |       ||   638
       Tower shield      |       |       |       |       |   792 |  1513 ||  2305
       Reflection        |       |       |       |       |     1 |    19 ||    20

Table legend:
 A = Non-vault XP
 B = Vault XP
 C = Vault XP percentage of total XP
 D = Non-vault monster count
 E = Vault monster count
 F = Vault count percentage of total count
                 A         B        C        D         E       F
            +---------+---------+-------+---------+---------+-------
      Total |  177145 |   76980 |  30.3 |     644 |     216 |  25.1
            +---------+---------+-------+---------+---------+-------
        D:1 |      42 |       0 |   0.0 |      24 |       0 |   0.0
        D:2 |      46 |       0 |   0.0 |      22 |       0 |   0.0
        D:3 |      82 |     116 |  58.6 |      24 |      18 |  42.9
        D:4 |     107 |       0 |   0.0 |       8 |       0 |   0.0
        D:5 |     520 |     173 |  25.0 |      13 |       2 |  13.3
        D:6 |     804 |     262 |  24.6 |      21 |       1 |   4.5
        D:7 |    1104 |    3268 |  74.7 |      20 |      22 |  52.4
        D:8 |    2785 |       0 |   0.0 |      18 |       0 |   0.0
        D:9 |    1556 |     697 |  30.9 |      28 |       1 |   3.4
       D:10 |    1838 |    2837 |  60.7 |       9 |       6 |  40.0
       D:11 |    6516 |     946 |  12.7 |      26 |      13 |  33.3
       D:12 |    6671 |    5584 |  45.6 |      15 |      39 |  72.2
       D:13 |    4287 |    1334 |  23.7 |      12 |       2 |  14.3
       D:14 |    8355 |       0 |   0.0 |      14 |       0 |   0.0
       D:15 |   13792 |    2962 |  17.7 |      30 |       4 |  11.8
     Lair:1 |    7135 |       0 |   0.0 |      25 |       0 |   0.0
     Lair:2 |    1426 |    4792 |  77.1 |       3 |      16 |  84.2
     Lair:3 |    3075 |     462 |  13.1 |      12 |       2 |  14.3
     Lair:4 |    8915 |       0 |   0.0 |      27 |       0 |   0.0
     Lair:5 |    8576 |    8372 |  49.4 |      29 |      20 |  40.8
    Swamp:1 |   17481 |       0 |   0.0 |      29 |       0 |   0.0
    Swamp:2 |   10996 |       0 |   0.0 |      20 |       0 |   0.0
    Swamp:3 |   13566 |    1316 |   8.8 |      26 |       1 |   3.7
    Swamp:4 |    6719 |   19799 |  74.7 |      10 |      23 |  69.7
   Spider:1 |   22989 |    2233 |   8.9 |      67 |       6 |   8.2
   Spider:2 |   14466 |   10004 |  40.9 |      33 |       8 |  19.5
   Spider:3 |   10292 |    2199 |  17.6 |      27 |       5 |  15.6
      Orc:1 |     604 |    1633 |  73.0 |      16 |       2 |  11.1
      Orc:2 |    2400 |    7991 |  76.9 |      36 |      25 |  41.0
            +---------+---------+-------+---------+---------+-------
